 Dungeon Crawl Stone Soup version 0.28.0-47-ge53b351184 (webtiles) character file.

Game seed: 12329134308095428510

751 nickcage the Frost Mage (level 7, -1/36 HPs)
             Began as a Deep Elf Ice Elementalist on Apr 28, 2022.
             Was an Initiate of Vehumet.
             Slain by an ogre
             ... wielding a +0 giant club
              (11 damage)
             ... on level 5 of the Dungeon.
             The game lasted 00:17:26 (6235 turns).

nickcage the Frost Mage (Deep Elf Ice Elementalist) Turns: 6235, Time: 00:17:27

Health: -1/36      AC:  4    Str:  5    XL:     7   Next: 49%
Magic:  19/19      EV: 12    Int: 22    God:    Vehumet [......]
Gold:   227        SH:  0    Dex: 15    Spells: 6/20 levels left

rFire   . . .      SeeInvis .   c - +1 spear (vamp)
rCold   . . .      Faith    .   (no shield)
rNeg    . . .      Spirit   .   a - +0 robe
rPois   .          Reflect  .   i - +1 hat
rElec   .          Harm     .   (no cloak)
rCorr   .          Rampage  .   m - +0 pair of gloves
Will    .....                   (no boots)
Stlth   ++........              (no amulet)
HPRegen 0.12/turn               (no ring)
MPRegen 0.16/turn               (no ring)

@: no status effects
A: no striking features
a: Renounce Religion


You were on level 5 of the Dungeon.
You worshipped Vehumet.
Vehumet was noncommittal.
You visited 2 branches of the dungeon, and saw 6 of its levels.

You collected 227 gold pieces.

Inventory:

Hand Weapons
 b - a +0 whip
 c - a +1 vampiric spear (weapon)
Armour
 a - a +0 robe (worn)
 i - a +1 hat (worn)
 m - a +0 pair of gloves (worn)
Wands
 s - a wand of flame (22)
 y - a wand of iceblast (14)
Scrolls
 d - 2 scrolls of teleportation {unknown}
 e - a scroll of blinking {unknown}
 f - 2 scrolls of identify {unknown}
 h - 2 scrolls of fear {unknown}
 j - a scroll of magic mapping {unknown}
 k - a scroll of silence {unknown}
 n - a scroll of enchant weapon {unknown}
 o - 2 scrolls of enchant armour {unknown}
 w - 2 scrolls of noise {unknown}
Potions
 g - a potion of curing {unknown}
 l - a potion of mutation {unknown}
 p - a potion of cancellation {unknown}
 q - 2 potions of magic {unknown}
 r - 2 potions of ambrosia {unknown}
 t - a potion of haste {unknown}
 u - a potion of degeneration {unknown}
 v - a potion of berserk rage {unknown}
 x - a potion of lignification {unknown}
 z - a potion of attraction {unknown}


   Skills:
 - Level 2.4 Dodging
 - Level 2.4 Stealth
 - Level 7.0 Spellcasting
 * Level 1.0 Conjurations
 + Level 8.4 Ice Magic
 * Level 1.0 Poison Magic


You had 6 spell levels left.
You knew the following spells:

 Your Spells              Type           Power      Damage    Failure   Level
a - Freeze                Ice            100%       1d11      1%          1
b - Frozen Ramparts       Ice            88%        1d10      1%          3
c - Ozocubu's Armour      Ice            44%        N/A       1%          3
d - Hailstorm             Conj/Ice       28%        3d8       12%         4
e - Mephitic Cloud        Conj/Pois/Air  10%        N/A       19%         3

Your spell library contained the following spells:

 Spells                   Type           Power      Damage    Failure   Level
 Animate Skeleton         Necr           14%        N/A       9%          1
 Apportation              Tloc           14%        N/A       9%          1
 Summon Small Mammal      Summ           28%        N/A       9%          1
 Ignite Poison            Fire/Tmut/Pois 9%         N/A       22%         3
 Call Canine Familiar     Summ           7%         N/A       24%         3
 Summon Guardian Golem    Hex/Summ       7%         N/A       24%         3
 Freezing Cloud           Conj/Ice/Air   10%        6-21      52%         5


Dungeon Overview and Level Annotations

Branches:
Dungeon (5/15)             Temple (1/1) D:4

Altars:
Ashenzari
Cheibriados
Dithmenos
Elyvilon
Fedhas
Gozag
Hepliaklqana
Kikubaaqudgha
Makhleb
Nemelex Xobeh
Okawaru
Qazlal
Ru
Sif Muna
Trog
Uskayaw
Vehumet
Wu Jian
Yredelemnul
Zin
The Shining One


Message History

You kill the gnoll!
Vehumet accepts your kill.
The wall freezes the gnoll.
You reach to attack!
You hit the gnoll.
You feel better.
The gnoll is moderately wounded.
The wall freezes the gnoll!
You kill the gnoll!
Vehumet accepts your kill.
The wall freezes the gnoll.
Your Conjurations skill increases to level 1!
Your Poison Magic skill increases to level 1!
You reach to attack!
You hit the gnoll.
You feel better.
The gnoll is heavily wounded.
The wall freezes the gnoll!
You kill the gnoll!
Vehumet accepts your kill.
The frozen ramparts melt away.
HP restored.
Your icy armour starts to melt.
Magic restored.
Your icy armour cracks and falls away as you move.
You see here a +0 flail.
Items here: ))) ††.
Really walk into a travel-excluded area?
You are engulfed in blazing flames.
You are engulfed in blazing flames.
Found a book of Cantrips.
You see here a book of Cantrips.
You're in a travel-excluded area, stopping explore.
You start resting.
You're standing in a cloud of flame!
You start resting.
HP restored.
Really walk into a travel-excluded area?
An ogre comes into view. It is wielding a +0 giant club.
The ogre hits you with a +0 giant club!!
Ouch! That really hurt!
* * * LOW HITPOINT WARNING * * *
The ogre hits you with a +0 giant club!
You die...

### ##.## # .
###.#.#######.#..#
#.........O.......
#...:.....@.....#
#.#
#..####.####....#
#.# #..# #°#
#..#... #.# #..#
#○# #. # # #.#
#.°#########. #.#
#°°○§°#8#§§..+##
##.## #°.#######
#...## #.... #..#
# #....## #....
#..# # #.....##
##..##


You could see an ogre.

Vanquished Creatures
  An ogre (D:5)
  2 phantoms (D:5)
  3 scorpions (D:4)
  2 hounds
  A centaur skeleton (D:4)
  A bullfrog skeleton (D:5)
  A scorpion zombie (D:5)
  2 orc wizards (D:5)
  4 gnolls (D:5)
  3 adders
  An ufetubus (D:2)
  2 worms (D:3)
  2 dart slugs
  3 orcs
  4 ball pythons
  9 bats
  5 endoplasms
  7 goblins
  5 hobgoblins
  3 jackals (D:3)
  3 quokkas
  10 kobolds
  5 rats
79 creatures vanquished.

Vanquished Creatures (others)
  14 fungi (D:4)
14 creatures vanquished.

Grand Total: 93 creatures vanquished

Notes
Turn   | Place    | Note
-------+----------+-------------------------------------------
     0 | D:1      | nickcage the Deep Elf Ice Elementalist began the quest for
                  | the Orb.
     0 | D:1      | Reached XP level 1. HP: 10/10 MP: 6/6
   154 | D:1      | Reached XP level 2. HP: 15/15 MP: 5/8
   336 | D:1      | Reached skill level 5 in Ice Magic
   871 | D:2      | Reached XP level 3. HP: 19/19 MP: 8/10
   880 | D:2      | Learned a level 3 spell: Frozen Ramparts
   915 | D:2      | Learned a level 3 spell: Ozocubu's Armour
  1168 | D:2      | Found a faded altar of an unknown god.
  1295 | D:2      | You fall into a shaft and drop 1 floor!
  3096 | D:4      | Reached XP level 4. HP: 22/24 MP: 10/12
  3779 | D:4      | Noticed a scorpion
  3783 | D:4      | Killed a scorpion
  3784 | D:4      | Reached skill level 5 in Spellcasting
  3784 | D:4      | Reached skill level 6 in Ice Magic
  3784 | D:4      | Reached XP level 5. HP: 28/28 MP: 4/14
  3874 | D:4      | Reached skill level 7 in Ice Magic
  3874 | D:4      | Reached XP level 6. HP: 27/32 MP: 10/16
  4018 | D:4      | Found a staircase to the Ecumenical Temple.
  4027 | Temple   | Entered the Ecumenical Temple
  4115 | Temple   | Became a worshipper of Vehumet
  4485 | D:5      | Entered Level 5 of the Dungeon
  5053 | D:5      | Reached skill level 8 in Ice Magic
  5053 | D:5      | Reached XP level 7. HP: 36/36 MP: 12/19
  5058 | D:5      | Learned a level 4 spell: Hailstorm
  5062 | D:5      | Learned a level 3 spell: Mephitic Cloud
  5985 | D:5      | Reached skill level 1 in Conjurations
  5985 | D:5      | Reached skill level 1 in Poison Magic
  6235 | D:5      | Slain by an ogre

Illustrated notes

Levels and vault maps discovered:
D:1:      minmay_arrival_three_doors, layout_rooms
D:2:      layout_basic, hellmonk_ecumenical_altar_arch_garden,
          kennysheep_generic_room_7
D:3:      layout_basic, lemuel_flame_loot_1
D:4:      old_forge, layout_layer_cave, minmay_temple_entry_trees
D:5:      layout_loops_corners, lemuel_flamethrower_2, uniq_ijyb
Temple:   mainiacjoe_temple_trianglar_array

Skill      XL: |  1  2  3  4  5  6  7 |
---------------+----------------------+-----
Ice Magic      | 5 6 7 8 |  8.4
Spellcasting   | 4 5 6 7 |  7.0
Conjurations   | 1 |  1.0
Poison Magic   | 1 |  1.0
Dodging        | |  2.4
Stealth        | |  2.4

Action                   |  1- 3 |  4- 6 |  7- 9 || total
-------------------------+-------+-------+-------++-------
Melee: Unarmed           |     1 |       |       ||     1
       Spear             |    38 |    74 |    38 ||   150
       Punch             |       |     2 |       ||     2
 Cast: Freeze            |    50 |    17 |     6 ||    73
       Frozen Ramparts   |     3 |    10 |     3 ||    16
       Ozocubu's Armour  |     2 |     4 |     5 ||    11
 Stab: Sleeping          |     8 |       |       ||     8
       Distracted        |       |     1 |       ||     1
Armor: Robe              |     2 |    30 |    10 ||    42
Dodge: Dodged            |    25 |    50 |    20 ||    95
